 Dungeon Crawl Stone Soup version 0.19.1 (webtiles) character file.

13326 Exaltedone87 the Cleaver (level 11, -6/103 HPs)
             Began as a Deep Dwarf Fighter on Dec 28, 2016.
             Was a High Priest of Makhleb.
             Mangled by a sixfirhy (7 damage)
             ... on level 2 of the Abyss.
             The game lasted 00:30:29 (9494 turns).

Exaltedone87 the Cleaver (Deep Dwarf Fighter)       Turns: 9494, Time: 00:30:29

Health: -6/103     AC: 16    Str: 21 (23) XL:     11   Next: 74%
Magic:  11/11      EV: 10    Int:  7 (9)  God:    Makhleb [*****.]
Gold:   506        SH: 12    Dex: 12      Spells: 0 memorised, 10 levels left

rFire  + . .     SeeInvis +     K - -1 hand axe (curse)
rCold  . . .     Gourm    .     M - +1 chain mail "Wojypnuq" {rF+ MR+ Stlth+}
rNeg   . . .     Faith    .     c - +1 shield
rPois  .         Spirit   .     l - +0 helmet
rElec  .         Reflect  .     H - +0 cloak
rCorr  .         Harm     .     D - +0 pair of gloves
MR     +++..                    (no boots)
Stlth  ..........               o - amulet of magic regeneration
                                J - ring of protection from magic
                                k - ring of see invisible

@: non-regenerating
A: damage resistance, recharge devices, sense surroundings 2, slow regeneration
3
a: Device Recharging, Minor Destruction, Lesser Servant of Makhleb, Major
Destruction, Greater Servant of Makhleb, Renounce Religion


You were on level 2 of the Abyss.
You worshipped Makhleb.
Makhleb was extremely pleased with you.
You were hungry.

You visited 1 branch of the dungeon, and saw 11 of its levels.
You visited the Abyss 1 time.
You also visited: Sewer.

You collected 506 gold pieces.

Inventory:

Hand Weapons
 a - a +1 war axe
 K - a cursed -1 hand axe (weapon)
 P - the cursed +1 morningstar of Descent {drain, +Inv rElec rPois, unknown}
   (You took it off an orc on level 9 of the Dungeon)

   A truly terrible weapon, it drains the life of those it strikes.
   It insulates you from electricity.
   It protects you from poison.
   It lets you turn invisible.
   It has a curse placed upon it.
Armour
 c - a +1 shield (worn)
 l - a +0 helmet (worn)
 D - a +0 pair of gloves (worn)
 F - a +0 large shield
 H - a +0 cloak (worn)
 M - the +1 chain mail "Wojypnuq" (worn) {rF+ MR+ Stlth+}
   (You found it on level 8 of the Dungeon)

   It protects you from fire.
   It affects your resistance to hostile enchantments.
   It makes you more stealthy.
Jewellery
 k - a ring of see invisible (left hand)
 o - an amulet of magic regeneration (around neck)
 J - a ring of protection from magic (right hand)
 N - an uncursed ring of flight
Wands
 e - a wand of heal wounds (2/9)
 j - a wand of slowing (23/48)
 m - a wand of slowing (24/48)
 q - a wand of slowing (16/48)
 s - a wand of teleportation (5/9)
 A - a wand of slowing (31/48)
 C - a wand of slowing (15/48)
 E - a wand of polymorph (16/24)
 G - a wand of iceblast (3/15)
 Q - a wand of acid (3/15)
 S - a wand of slowing (27/48)
Scrolls
 n - a scroll of noise
 r - 3 scrolls of teleportation
 v - a scroll of magic mapping
 w - a scroll of identify
 y - a scroll of blinking
 L - a scroll of fog
 R - a scroll of enchant armour
Potions
 d - a potion of berserk rage
 i - 8 potions of curing
 p - 3 potions of flight
 x - a potion of cure mutation {unknown}
 I - 4 potions of mutation
 O - a potion of invisibility {unknown}
Comestibles
 b - a royal jelly
 f - 9 bread rations
 g - 4 meat rations
 h - 9 slices of pizza
 z - 6 fruits
 B - 4 beef jerkies


   Skills:
 + Level 7.9 Fighting
 * Level 12.2 Axes
 + Level 8.8 Armour
 - Level 7.3 Dodging
 + Level 9.0 Shields
 + Level 4.8 Invocations


You had 10 spell levels left.
You didn't know any spells.

Dungeon Overview and Level Annotations

Branches:
Dungeon (11/15)            Temple (0/1) D:5            Lair (0/6) D:8
    Orc: D:9-12

Altars:
Dithmenos
Hepliaklqana
Makhleb
Nemelex Xobeh
Okawaru
Ru
Sif Muna
Trog
Uskayaw
Xom
Yredelemnul
Zin
The Shining One

Shops:
D:8 (   D:10 *

Annotations:
D:11 Sonja


Innate Abilities, Weirdness & Mutations

You are resistant to damage.
You can recharge devices by infusing magical energy.
You passively map the area around you.
You do not regenerate.


Message History

You hit the large abomination but do no damage.
The large abomination is moderately damaged.
The sixfirhy hits you but does no damage.
Your ynoxinul closely misses the ufetubus.
The ufetubus hits your ynoxinul.
The ufetubus barely misses your ynoxinul.
You block the large abomination's attack.
The ufetubus hits your ynoxinul. x2; Your ynoxinul misses the ufetubus.
Your ynoxinul hits the ufetubus.
The sixfirhy hits you but does no damage.
The sixfirhy hits you.
* * * LOW HITPOINT WARNING * * *
The sixfirhy shocks you!
* * * LOW HITPOINT WARNING * * *
You block the sixfirhy's attack.
The sixfirhy hits you but does no damage.
The sixfirhy hits you.
* * * LOW HITPOINT WARNING * * *
The sixfirhy shocks you!
You die...

.. #...# .. # ≈#
#. ...##.###≈###
.# #≈≈.≈#
#.##≈≈≈... ≈≈≈
###.#≈≈≈≈# #≈
≈≈.≈#..#.3#♣♣#
#≈≈≈≈.≈#..##≈≈≈.#
#♣≈≈≈ ≈....#≈5≈≈#
♣≈≈ .≈..#23#X.##
≈≈. ##..#@##.# ♣≈
≈..###≈≈≈≈.#
♣≈.≈# .#≈≈≈## .
≈. #.## ≈## .. #≈
### #


You could see a blizzard demon, a large abomination, a sixfirhy and an ufetubus.

Vanquished Creatures
  Pikel (D:9)
  An ugly thing (D:9)
  Joseph (D:7)
  The ghost of Exaltedone87 the Chopper, a novice DDFi of Makhleb (D:5)
  Maurice (D:9)
  An elephant (D:8)
  A large abomination (Abyss:2)
  A hornet (D:9)
  2 two-headed ogres
  3 hippogriffs
  2 wraiths
  4 hogs (D:7)
  3 yaks (D:11)
  3 wyverns (D:9)
  A vampire (D:10)
  A human (D:7)
  The ghost of miculber the Slasher, an amateur DsAK of Lugonu (D:3)
  A hungry ghost (D:9)
  2 water moccasins
  A soldier ant (D:11)
  7 orc warriors
  6 sky beasts
  4 phantoms
  5 ice beasts
  7 ogres
  An eye of draining (D:10)
  2 necrophages
  5 centaurs
  A crocodile (D:8)
  Blork the orc (D:4)
  4 bullfrogs
  2 big kobolds
  A water moccasin zombie (D:5)
  5 scorpions
  A killer bee (D:9)
  12 wights
  4 howler monkeys
  3 crimson imps
  3 centaur zombies
  2 bullfrog zombies (D:7)
  A quasit (D:9)
  4 centaur skeletons
  4 orc priests
  3 bullfrog skeletons
  4 hounds
  3 jellies (D:9)
  8 orc wizards
  Ijyb (D:3)
  Jessica (D:3)
  6 iguanas
  7 worker ants
  2 hound skeletons
  2 hound zombies
  A howler monkey zombie (D:9)
  Robin (D:2)
  2 howler monkey skeletons
  10 adders
  3 river rats (Sewer)
  A shadow imp (D:10)
  2 oozes
  2 worms
  A dart slug (D:3)
  7 leopard geckos
  42 orcs
  A ball python (D:10)
  7 bats
  7 giant cockroaches
  14 hobgoblins
  16 jackals
  8 quokkas
  7 frilled lizards
  13 goblins
  2 jackal skeletons
  9 kobolds
  7 rats
317 creatures vanquished.

Notes
Turn   | Place    | Note
-------+----------+-------------------------------------------
     0 | D:1      | Exaltedone87 the Deep Dwarf Fighter began the quest for the Orb.
     0 | D:1      | Reached XP level 1. HP: 20/20 MP: 1/1
   165 | D:1      | Reached XP level 2. HP: 27/27 MP: 2/2
   773 | D:2      | Reached XP level 3. HP: 32/34 MP: 3/3
   884 | D:2      | Noticed Robin
   906 | D:2      | Killed Robin
   909 | D:2      | Reached skill level 1 in Dodging
   934 | D:2      | Reached skill level 3 in Axes
  1037 | D:2      | Reached XP level 4. HP: 31/42 MP: 4/4
  1227 | D:2      | Found a sparkling altar of Nemelex Xobeh.
  1570 | D:3      | Noticed Ijyb
  1585 | D:3      | Killed Ijyb
  1606 | D:3      | Found a burning altar of Makhleb.
  1606 | D:3      | Found a glowing silver altar of Zin.
  1607 | D:3      | Noticed an angel
  1607 | D:3      | Noticed a cacodemon
  1620 | D:3      | Became a worshipper of Makhleb the Destroyer
  1694 | D:3      | Noticed miculber's ghost (amateur DsAK)
  1716 | D:3      | Killed miculber's ghost
  1716 | D:3      | Reached skill level 4 in Axes
  1716 | D:3      | Reached XP level 5. HP: 42/49 MP: 5/5
  1753 | D:3      | Reached XP level 6. HP: 49/56 MP: 6/6
  1829 | D:3      | Found a deep blue altar of Sif Muna.
  1897 | D:3      | Noticed Jessica
  1903 | D:3      | Killed Jessica
  2053 | D:3      | Found a glowing drain.
  2057 | Sewer    | Entered a sewer
  2066 | Sewer    | Reached * piety under Makhleb
  2174 | Sewer    | Found a glowing silver altar of Zin.
  2556 | D:4      | Reached skill level 5 in Axes
  2573 | D:4      | Noticed Blork the orc
  2582 | D:4      | Killed Blork the orc
  2582 | D:4      | Reached XP level 7. HP: 38/64 MP: 7/7
  2861 | D:4      | Reached skill level 5 in Shields
  3204 | D:5      | Entered Level 5 of the Dungeon
  3208 | D:5      | Noticed Exaltedone87's ghost (novice DDFi)
  3231 | D:5      | Killed Exaltedone87's ghost
  3231 | D:5      | Reached skill level 6 in Axes
  3231 | D:5      | Reached skill level 5 in Armour
  3231 | D:5      | Reached XP level 8. HP: 16/73 MP: 8/8
  3282 | D:5      | Reached ** piety under Makhleb
  3323 | D:5      | Found a sacrificial altar of Ru.
  3396 | D:5      | Found a bloodstained altar of Trog.
  3647 | D:5      | Reached skill level 7 in Axes
  3731 | D:5      | Found a staircase to the Ecumenical Temple.
  3883 | D:5      | Reached skill level 5 in Fighting
  4070 | D:6      | Reached skill level 5 in Dodging
  4079 | D:6      | Reached *** piety under Makhleb
  4086 | D:6      | Found a hide-covered altar of Uskayaw.
  4155 | D:6      | Gained mutation: You passively map the area around you. [Deep Dwarf growth]
  4155 | D:6      | Reached XP level 9. HP: 41/81 MP: 8/8
  4195 | D:6      | Found a basalt altar of Yredelemnul.
  4214 | D:6      | Reached skill level 8 in Axes
  4722 | D:7      | Reached skill level 9 in Axes
  5034 | D:7      | Noticed Joseph
  5067 | D:7      | Killed Joseph
  5067 | D:7      | Reached XP level 10. HP: 61/91 MP: 9/9
  5121 | D:7      | Reached **** piety under Makhleb
  5586 | D:7      | Got a warped long sword
  5587 | D:7      | Identified the cursed +0 long sword "Ceiqo" {freeze, Int+4} (You found it on level 7 of the Dungeon)
  5638 | D:8      | Found Suralec's Antique Weapon Boutique.
  5690 | D:8      | Reached skill level 10 in Axes
  5868 | D:8      | Found a hazy altar of Hepliaklqana.
  5911 | D:8      | Found a staircase to the Lair.
  5912 | D:8      | Noticed an elephant
  5936 | D:8      | Killed an elephant
  5959 | D:8      | Got a faintly humming chain mail
  5970 | D:8      | Identified the +1 chain mail "Wojypnuq" {rF+ MR+ Stlth+} (You found it on level 8 of the Dungeon)
  6060 | D:8      | Found a hide-covered altar of Uskayaw.
  6143 | D:8      | Found a shadowy altar of Dithmenos.
  6684 | D:9      | You fall through a shaft!
  6684 | D:10     | Entered Level 10 of the Dungeon
  6727 | D:10     | Reached skill level 11 in Axes
  6850 | D:9      | Noticed Maurice
  6875 | D:9      | Killed Maurice
  6895 | D:9      | Reached skill level 1 in Invocations
  6895 | D:9      | Reached XP level 11. HP: 51/100 MP: 10/10
  6965 | D:9      | Reached ***** piety under Makhleb
  7085 | D:9      | Paralysed by fainting for 6 turns
  7120 | D:9      | Found a hazy altar of Hepliaklqana.
  7135 | D:9      | Noticed Pikel
  7204 | D:9      | Killed Pikel
  7211 | D:9      | Found an iron altar of Okawaru.
  7215 | D:9      | Found a glowing golden altar of the Shining One.
  7221 | D:9      | Found a shimmering altar of Xom.
  7275 | D:9      | Found an iron altar of Okawaru.
  7881 | D:9      | Noticed a brown ugly thing
  7958 | D:9      | Killed a brown ugly thing
  7962 | D:9      | HP: 2/100 [orc warrior/dire flail (7)]
  7999 | D:9      | Got a scorched morningstar {drain}
  8585 | D:10     | Reached skill level 12 in Axes
  8599 | D:10     | Found Gehergh's Serpentskin Sales.
  9284 | D:11     | Noticed Sonja
  9342 | D:11     | Cast into level 1 of the Abyss (Sonja)
  9373 | Abyss:2  | Noticed a blizzard demon
  9481 | Abyss:2  | HP: 1/103 [large abomination (26)]
  9491 | Abyss:2  | Noticed a sixfirhy
  9494 | Abyss:2  | HP: 2/103 [sixfirhy (8)]
  9494 | Abyss:2  | Mangled by a sixfirhy

Skill      XL: |  1  2  3  4  5  6  7  8  9 10 11 |
---------------+----------------------------------+-----
Fighting       | 3 4 5 6 7 |  7.9
Dodging        | 1 2 3 4 5 6 7 |  7.3
Axes           | 3 4 5 6 7 9 11 12 | 12.2
Armour         | 4 5 6 7 8 |  8.8
Shields        | 4 5 6 7 8 9 |  9.0
Invocations    | 1 4 |  4.8

Action                   |  1- 3 |  4- 6 |  7- 9 | 10-12 || total
-------------------------+-------+-------+-------+-------++-------
Melee: War axe           |   142 |   218 |   392 |   218 ||   970
       Hand axe          |       |       |       |  1053 ||  1053
Invok: Lesser Servant of |       |       |       |     1 ||     1
 Abil: Device Recharging |       |       |     1 |     2 ||     3
Evoke: Wand              |     2 |     2 |     4 |    12 ||    20
  Use: Scroll            |       |     7 |     5 |    11 ||    23
       Potion            |       |     2 |     1 |    10 ||    13
  Eat: Chunk             |       |     6 |     9 |     7 ||    22
       Bread ration      |       |       |       |     1 ||     1
       Beef jerky        |       |       |       |     1 ||     1
       Meat ration       |       |       |       |     1 ||     1
       Pizza             |       |       |       |     1 ||     1
Armor: Scale mail        |    58 |    91 |   124 |    41 ||   314
       Chain mail        |       |       |       |   358 ||   358
Dodge: Dodged            |    47 |    79 |   164 |   366 ||   656
Block: Shield            |    94 |   137 |   251 |   683 ||  1165
